AoeStats
← Garcito

African Clearing

510540259Analyzed
4v4 RM · 2d ago on Oct 1, 2026· 60m 21s· 8 players
Game mode
Random Map
Map size
Large (8 player)
Population
200
Speed
Normal
Resources
Standard
Victory
Conquest
Starting age
Dark Age
Ending age
Imperial Age
RankedLock teamsTeams togetherTeam positionsShared explorationLock speedFull tech treeHidden civsTurbo modeCheats
Victory
Defeat
🇨🇳 Cumans · China
1079
+15
🇨🇳 Persians · China
1061
+16
🇨🇱 Vietnamese · Chile
1044
+16
🇨🇱 Spanish · Chile
1012
+18
🇲🇽 Varangians · Mexico
1072
-17
🇫🇷 Koreans · France
1067
-17
🇩🇪 Spanish · Germany
1050
-16
🇨🇳 Berbers · China
1024
-15
victor_mv7
3:24 Loom
14:07 Feudal Age
14:46 Double-Bit Axe
20:15 Castle Age
18:25 Horse Collar
19:58 Stone Mining
20:35 Gold Mining
24:46 Fletching
26:29 Husbandry
27:26 Wheelbarrow
29:15 Bodkin Arrow
34:02 Bow Saw
35:20 Heavy Plow
36:30 Bloodlines
snake11
4:46 Loom
13:42 Feudal Age
15:05 Town Watch
19:17 Castle Age
21:04 Wheelbarrow
31:15 Fletching
32:59 Hand Cart
36:51 Bodkin Arrow
38:05 Double-Bit Axe
40:14 Horse Collar
40:57 Scale Barding Armor
42:06 Town Patrol
43:40 Padded Archer Armor
46:22 Leather Archer Armor
46:29 Chain Barding Armor
BlueBoss
3:55 Loom
13:40 Feudal Age
18:24 Castle Age
17:19 Double-Bit Axe
17:26 Gold Mining
18:42 Stone Mining
19:47 Bow Saw
20:35 Wheelbarrow
21:12 Horse Collar
22:50 Heavy Plow
23:44 Fletching
24:16 Squires
25:12 Pikeman
26:15 Town Watch
29:03 Hand Cart
31:45 Ballistics
31:08 Elite Skirmisher
31:51 Bodkin Arrow
37:43 Thumb Ring
38:02 Forging
37:58 Scale Barding Armor
41:15 Chain Barding Armor
47:02 Imperial Age
46:31 Iron Casting
47:46 Bracer
XGFC
13:10 Feudal Age
13:51 Loom
14:46 Double-Bit Axe
17:42 Castle Age
16:46 Stone Mining
16:43 Horse Collar
17:44 Wheelbarrow
19:16 Bow Saw
21:17 Town Watch
27:34 Heavy Plow
28:46 Ballistics
29:29 Husbandry
30:55 Bloodlines
31:31 Scale Barding Armor
31:36 Fishing Lines
32:28 Gillnets
33:34 Hand Cart
37:56 Imperial Age
35:57 Chain Barding Armor
35:29 Fletching
37:53 Bodkin Arrow
38:29 Town Patrol
38:59 Conscription
38:40 Kasbah
38:04 Elite Camel Archer
39:21 Bracer
39:21 Padded Archer Armor
40:36 Chemistry
39:48 Masonry
40:29 Crop Rotation
40:40 Thumb Ring
40:36 Gold Mining
41:23 Stone Shaft Mining
40:56 Siege Engineers
43:10 Hoardings
42:36 Maghrebi Camels
43:06 Leather Archer Armor
43:28 Plate Barding Armor
43:07 Light Cavalry
43:08 Heavy Camel Rider
44:59 Ring Archer Armor
44:40 Forging
44:19 Hussar
48:29 Iron Casting
雅硬雅重
7:00 Loom
14:24 Feudal Age
19:10 Castle Age
17:44 Scale Barding Armor
17:30 Double-Bit Axe
30:25 Wheelbarrow
29:37 Horse Collar
30:11 Bow Saw
35:09 Gold Mining
36:13 Heavy Plow
37:50 Husbandry
38:00 Bloodlines
37:38 Pikeman
38:18 Squires
38:41 Chain Barding Armor
38:31 Forging
39:51 Hand Cart
39:23 Town Watch
40:53 Iron Casting
44:27 Imperial Age
42:15 Kamandaran
42:51 Fletching
43:01 Padded Archer Armor
43:56 Bodkin Arrow
44:02 Scale Mail Armor
44:12 Stone Mining
45:02 Gold Shaft Mining
44:58 Ballistics
44:49 Masonry
44:34 Murder Holes
44:49 Careening
45:09 Murder Holes
46:14 Chemistry
46:03 Conscription
45:17 Capped Ram
46:13 Town Patrol
46:28 Siege Ram
47:06 Cavalier
49:21 Blast Furnace
48:56 Plate Barding Armor
49:39 Savar
52:38 Stone Shaft Mining
52:36 Crop Rotation
53:07 Two-Man Saw
Garcito
4:37 Loom
13:38 Feudal Age
14:18 Double-Bit Axe
14:26 Gold Mining
15:15 Fletching
25:05 Castle Age
23:57 Horse Collar
25:08 Crossbowman
27:57 Bodkin Arrow
29:13 Town Watch
30:46 Bow Saw
30:33 Pikeman
34:43 Scale Mail Armor
35:49 Chain Mail Armor
37:25 Wheelbarrow
36:53 Heavy Plow
39:51 Hand Cart
42:35 Imperial Age
40:58 Padded Archer Armor
42:30 Ballistics
41:50 Elite Skirmisher
44:47 Two-Man Saw
45:53 Bracer
49:08 Leather Archer Armor
belen_dhv
15:42 Loom
19:11 Feudal Age
21:07 Double-Bit Axe
24:15 Castle Age
22:01 Horse Collar
33:12 Wheelbarrow
37:43 Bow Saw
37:58 Heavy Plow
41:19 Pikeman
42:46 Scale Barding Armor
42:51 Forging
44:08 Bloodlines
43:58 Husbandry
45:05 Hand Cart
47:46 Chain Barding Armor
48:01 Iron Casting
52:26 Gold Mining
52:27 Stone Mining
56:01 Imperial Age
56:20 Cavalier
56:36 Capped Ram
56:42 Capped Ram
58:13 Paladin
60:02 Blast Furnace
59:37 Plate Barding Armor
雅粗雅力
15:05 Feudal Age
16:19 Horse Collar
16:27 Double-Bit Axe
18:38 Loom
23:12 Wheelbarrow
24:50 Castle Age
26:10 Bow Saw
26:04 Heavy Plow
34:03 Imperial Age
32:13 Fletching
32:24 Padded Archer Armor
33:39 Hand Cart
33:31 Scale Barding Armor
33:56 Ballistics
33:37 Gold Mining
33:47 Stone Mining
34:32 Steppe Husbandry
35:35 Bloodlines
37:33 Conscription
39:05 Bodkin Arrow
39:26 Leather Archer Armor
39:31 Chain Barding Armor
39:22 Thumb Ring
39:45 Parthian Tactics
40:28 Chemistry
40:58 Elite Kipchak
42:53 Gold Shaft Mining
43:29 Ring Archer Armor
45:41 Plate Barding Armor
49:03 Hoardings
53:29 Murder Holes
53:45 Masonry
Connection lost

Rejoining the realm…

Still unreachable

The connection could not be restored.

Session expired

The server has moved on; the page needs a fresh start.